 Dungeon Crawl Stone Soup version 0.28-a0-1152-g9c71ebef14 (webtiles) character file.

Game seed: 13613325343217366875

3675 SensoryNuts the Carver (level 9, -7/69 HPs)
             Began as a Demonspawn Gladiator on Dec 14, 2021.
             Was an Initiate of Gozag.
             Mangled by Joseph (21 damage)
             ... on level 8 of the Dungeon.
             The game lasted 00:19:24 (8409 turns).

SensoryNuts the Carver (Demonspawn Gladiator)       Turns: 8409, Time: 00:19:26

Health: -7/69      AC: 10    Str: 19    XL:     9   Next: 89%
Magic:  9/9        EV: 13    Int: 11    God:    Gozag
Gold:   1343       SH:  0    Dex: 17    Spells: 8/8 levels left

rFire   + + +      SeeInvis .   e - +5 long sword (vamp)
rCold   x . .      Faith    .   (no shield)
rNeg    . . .      Spirit   .   k - +2 ring mail {rF+}
rPois   +          Reflect  .   (helmet restricted)
rElec   .          Harm     .   o - +1 cloak
rCorr   .          Rampage  .   (no gloves)
Will    .....      Clarity  +   (no boots)
Stlth   ++........              (no amulet)
HPRegen 0.21/turn               h - ring of fire
MPRegen 0.11/turn               y - ring of protection from fire

@: no status effects
A: horns 2, spiny 1, big brain 1, agile 1, clarity, poison resistance, evolution
1
a: Renounce Religion, Potion Petition, Call Merchant, Bribe Branch


You were on level 8 of the Dungeon.
You worshipped Gozag.
Gozag was most pleased with you.
You visited 1 branch of the dungeon, and saw 8 of its levels.

You collected 1783 gold pieces.
You spent 375 gold pieces at shops.
You paid 65 gold pieces to Gozag.

Inventory:

Hand Weapons
 a - a +0 long sword of draining
 e - a +5 vampiric long sword (weapon)
 j - the +6 rapier of Gloom {drain, Int+8}
   (You found it on level 7 of the Dungeon)

   A truly terrible weapon, it drains the life of any living foe it strikes.
   Int:       It affects your intelligence (+8).
 v - the +4 quarterstaff of Insufficient Pleasure {spect, rElec rN+ rCorr Dex-2}
   (You found it on level 5 of the Dungeon)

   When its wielder attacks, the weapon's spirit leaps out and strikes again.
   The spirit shares a part of any damage it takes with its wielder.
   Dex:       It affects your dexterity (-2).
   rElec:     It insulates you from electricity.
   rN:        It protects you from negative energy.
   rCorr:     It protects you from acid and corrosion.
 B - the +8 great sword "Imyplate" {holy, Int+9}
   (You found it on level 6 of the Dungeon)

   It has been blessed by the Shining One to cause great damage to the undead
   and demons.
   Int:       It affects your intelligence (+9).
Missiles
 d - 8 throwing nets
Armour
 b - a +0 leather armour
 c - a +0 helmet
 f - a +0 ring mail
 k - a +2 ring mail of fire resistance (worn)
 o - a +1 cloak (worn)
Jewellery
 h - a ring of fire (left hand)
 i - a ring of willpower
 y - a ring of protection from fire (right hand)
Wands
 w - a wand of flame (10) (quivered)
 C - a wand of iceblast (10)
Scrolls
 g - a scroll of identify
 l - 2 scrolls of blinking
 n - 2 scrolls of fog
 q - a scroll of noise
Potions
 m - a potion of degeneration
 p - 3 potions of curing
 r - a potion of lignification {unknown}
 s - 2 potions of brilliance
 E - a potion of cancellation


   Skills:
 + Level 5.9 Fighting
 + Level 8.5 Long Blades
 + Level 1.9 Throwing
 + Level 6.5 Armour
 + Level 5.0 Dodging
 + Level 3.2 Stealth
 + Level 2.0 Evocations


You had 8 spell levels left.
You didn't know any spells.
Your spell library contained the following spells:

 Spells                   Type           Power      Damage    Failure   Level
 Slow                     Hex            0%         N/A       50%         1
 Confusing Touch          Hex            0%         N/A       86%         3
 Inner Flame              Hex/Fire       0%         N/A       86%         3
 Vampiric Draining        Necr           0%         2d6       86%         3
 Cause Fear               Hex            0%         N/A       99%         4
 Alistair's Intoxication  Tmut/Pois      0%         N/A       100%        5
 Borgnjor's Vile Clutch   Necr/Erth      0%         N/A       100%        5
 Eringya's Noxious Bog    Tmut/Pois      0%         N/A       100%        6
 Discord                  Hex            0%         N/A       100%        8


Dungeon Overview and Level Annotations

Branches:
Dungeon (8/15)             Temple (0/1) D:7
   Lair: D:8-11

Altars:
Fedhas
Gozag
Kikubaaqudgha
Xom

Shops:
D:1 (   D:3 (   D:7 *

Annotations:
D:8 Joseph


Innate Abilities, Weirdness & Mutations

You have a pair of horns on your head.
You are partially covered in sharp spines.
You have an unusually large brain. (Int +2)
You are agile. (Dex +2)
You possess an exceptional clarity of mind.
Your system is resistant to poisons. (rPois)
You have hidden genetic potential.


Message History

You now have 1343 gold pieces (gained 9).
Things that are here:
a +0 dagger; a +0 robe
Things that are here:
a +0 dagger; a +0 robe Key pressed, stopping explore.
Found a stone staircase leading up.
You open the door.
There is an open door here.
You see here 23 stones.
Key pressed, stopping explore.
You see here 15 stones.
There is an open door here.
Joseph, a Mercenary comes into view.
He is wielding a +2 quarterstaff of holy wrath and wearing a +3 leather armour of poison resistance.
Joseph shouts!
Joseph drinks a potion.
Joseph seems to speed up.
Joseph is nearby!
Joseph is nearby!
Joseph is nearby!
Joseph unwields a +2 quarterstaff of holy wrath.
It stops glowing.
Joseph wields a +0 hunting sling.
Joseph shoots a sling bullet.
The sling bullet hits you.
Okay, then.
Okay, then.
Joseph shoots a sling bullet.
The sling bullet hits you.
Joseph shoots a sling bullet.
The sling bullet hits you.
Joseph shoots a sling bullet.
The sling bullet hits you!
Joseph shoots a sling bullet.
The sling bullet misses you.
Joseph unwields a +0 hunting sling.
Joseph wields a +2 quarterstaff of holy wrath.
It softly glows with a divine radiance!
Joseph is struck by your spines.
Joseph hits you with a +2 quarterstaff of holy wrath!
You convulse.
You slash Joseph! You headbutt Joseph.
Joseph is lightly wounded.
Joseph hits you with a +2 quarterstaff of holy wrath!
* * * LOW HITPOINT WARNING * * *
You convulse!!
You die...
Your body crumbles into a pile of gold.

###.... .........#
#.#.####### # #..#.#
###.##.######.#.......#
. ...#.#
#...........#######.#
###.# # ####.########
#.# #.# #.# #.# #.# #.#
#.. #.# ### #@# #@# ..#
####


You could see Joseph (fast).

Vanquished Creatures
  Harold (D:7)
  A two-headed ogre (D:7)
  Maggie (D:8)
  Sigmund (D:3)
  A steam dragon (D:8)
  2 orc warriors
  A phantom (D:6)
  2 centaurs (D:8)
  An ogre (D:4)
  3 kobold brigands
  2 scorpions
  A gnoll sergeant (D:8)
  A water moccasin skeleton (D:5)
  3 killer bees (D:7)
  4 electric eels (D:7)
  A centaur zombie (D:7)
  A jelly (D:7)
  An orc priest (D:6)
  A hound (D:5)
  A centaur skeleton (D:7)
  Natasha (thrice) (D:2)
  Terence (D:2)
  4 iguanas
  3 orc wizards (D:8)
  A hound zombie (D:5)
  A hound skeleton (D:4)
  2 howler monkey zombies (D:8)
  6 adders
  4 gnolls (D:8)
  A white imp (D:8)
  3 ufetubi
  3 worms
  5 dart slugs
  20 orcs
  4 ball pythons
  2 bats
  4 endoplasms
  3 giant cockroaches
  3 goblins (D:1)
  5 hobgoblins
  21 kobolds
  4 quokkas
  8 frilled lizards
  7 rats
148 creatures vanquished.

Vanquished Creatures (others)
  A gnoll (D:8)
1 creature vanquished.

Grand Total: 149 creatures vanquished

Notes
Turn   | Place    | Note
-------+----------+-------------------------------------------
     0 | D:1      | SensoryNuts the Demonspawn Gladiator began the quest for
                  | the Orb.
     0 | D:1      | Reached XP level 1. HP: 16/16 MP: 1/1
   261 | D:1      | Gained mutation: You have an unusually large brain. (Int
                  | +2) [demonic ancestry]
   261 | D:1      | Reached XP level 2. HP: 23/23 MP: 2/2
   426 | D:1      | Found Riukk's Weapon Emporium.
   643 | D:1      | Reached skill level 3 in Long Blades
   823 | D:1      | Reached XP level 3. HP: 28/28 MP: 3/3
  1375 | D:2      | Noticed Terence
  1391 | D:2      | Killed Terence
  1392 | D:2      | Reached skill level 1 in Armour
  1392 | D:2      | Gained mutation: You have a pair of small horns on your
                  | head. [demonic ancestry]
  1392 | D:2      | Reached XP level 4. HP: 7/34 MP: 4/4
  1662 | D:2      | Noticed Natasha
  1674 | D:2      | Killed Natasha
  1691 | D:2      | Noticed Natasha
  1700 | D:2      | Killed Natasha
  1768 | D:2      | Noticed Natasha
  1776 | D:2      | Killed Natasha
  1777 | D:2      | Reached skill level 4 in Long Blades
  1777 | D:2      | Reached XP level 5. HP: 35/41 MP: 5/5
  1899 | D:2      | Identified a scroll of acquirement
  1901 | D:2      | Acquired 1024 gold pieces
  1931 | D:2      | Found a faded altar of an unknown god.
  2564 | D:1      | Bought a +5 vampiric long sword for 375 gold pieces
  2703 | D:3      | Found Gilecusu's Weapon Shop.
  2875 | D:3      | Noticed Sigmund
  2901 | D:3      | Killed Sigmund
  2902 | D:3      | Reached XP level 6. HP: 37/47 MP: 6/6
  2993 | D:3      | Found a shimmering altar of Xom.
  3333 | D:4      | Reached skill level 5 in Long Blades
  3638 | D:4      | Reached skill level 1 in Stealth
  3768 | D:5      | Entered Level 5 of the Dungeon
  3794 | D:5      | Gained mutation: You have a pair of horns on your head.
                  | [demonic ancestry]
  3794 | D:5      | Reached XP level 7. HP: 46/52 MP: 7/7
  4069 | D:5      | Found an ancient bone altar of Kikubaaqudgha.
  4071 | D:5      | Found a blossoming altar of Fedhas.
  4272 | D:5      | Identified the +4 quarterstaff of Insufficient Pleasure
                  | {spect, rElec rN+ rCorr Dex-2}
  4584 | D:5      | Found an opulent altar of Gozag.
  4787 | D:5      | Became a worshipper of Gozag Ym Sagoz the Greedy
  5335 | D:6      | Reached skill level 6 in Long Blades
  5715 | D:6      | Identified the +8 great sword "Imyplate" {holy, Int+9}
  5935 | D:7      | Noticed an angel
  5937 | D:7      | Found Zeotairgh's Hallowed Reliquary.
  5981 | D:7      | Gained mutation: You are partially covered in sharp spines.
                  | [demonic ancestry]
  5981 | D:7      | Reached XP level 8. HP: 60/60 MP: 8/8
  6058 | D:7      | Noticed Harold
  6086 | D:7      | Gained mutation: Your muscles are strong. (Str +2) [potion
                  | of mutation]
  6086 | D:7      | Gained mutation: Your system is resistant to poisons.
                  | (rPois) [potion of mutation]
  6087 | D:7      | Lost mutation: Your muscles are strong. (Str +2) [potion of
                  | mutation]
  6087 | D:7      | Gained mutation: You are clumsy. (Dex -2) [potion of
                  | mutation]
  6088 | D:7      | Lost mutation: You are clumsy. (Dex -2) [potion of
                  | mutation]
  6088 | D:7      | Lost mutation: Your system is resistant to poisons. (rPois)
                  | [potion of mutation]
  6088 | D:7      | Gained mutation: Your system is resistant to poisons.
                  | (rPois) [potion of mutation]
  6088 | D:7      | Gained mutation: You have hidden genetic potential. [potion
                  | of mutation]
  6088 | D:7      | Gained mutation: You are agile. (Dex +2) [potion of
                  | mutation]
  6171 | D:7      | Killed Harold
  6172 | D:7      | Reached skill level 7 in Long Blades
  6172 | D:7      | Reached skill level 5 in Armour
  6198 | D:7      | Reached skill level 5 in Fighting
  6198 | D:7      | Reached XP level 9. HP: 39/68 MP: 9/9
  6428 | D:7      | Gained mutation: You possess an exceptional clarity of
                  | mind. [hidden potential]
  6680 | D:7      | Noticed a two-headed ogre
  6768 | D:7      | Found a staircase to the Ecumenical Temple.
  7075 | D:7      | Identified the +6 rapier of Gloom {drain, Int+8}
  7118 | D:7      | Killed a two-headed ogre
  7119 | D:7      | Reached skill level 8 in Long Blades
  7119 | D:7      | Reached skill level 1 in Evocations
  7500 | D:8      | Noticed Maggie
  7547 | D:8      | Identified the +1 robe of New Discoveries {Harm}
  7707 | D:8      | Killed Maggie
  7975 | D:8      | Reached skill level 5 in Dodging
  8403 | D:8      | Noticed Joseph
  8409 | D:8      | Mangled by Joseph

Illustrated notes

Levels and vault maps discovered:
D:1:      giann_wishing_wells, layout_loops_ring, serial_shops,
          nicolae_shop_hallway_stairs, minmay_cut_off
D:2:      layout_basic, ebering_ecumenical_altar_box, minmay_tiny_reverse_x,
          uniq_terence, uniq_natasha
D:3:      layout_rooms, xom_teletrap_fun, serial_shops, nicolae_shop_waterfront,
          uniq_sigmund
D:4:      layout_basic
D:5:      layout_gridville, grunt_temple_overflow_growth_and_decay,
          grunt_gozag_statues, supply_closet_lemuel
D:6:      layout_gridville, minivault_26
D:7:      layout_cave_pools, minmay_temple_entry_from_below_b,
          kennysheep_big_empty_room, kennysheep_small_spiral, nicolae_good_shop,
          uniq_harold
D:8:      layout_basic, uniq_maggie, uniq_joseph

Skill      XL: |  1  2  3  4  5  6  7  8  9 |
---------------+----------------------------+-----
Long Blades    | 3 4 5 6 7 8 |  8.5
Armour         | 1 2 3 5 6 |  6.5
Dodging        | 3 4 5 |  5.0
Fighting       | 3 4 5 |  5.9
Stealth        | 1 2 3 |  3.2
Evocations     | 2 |  2.0
Throwing       | |  1.9

Action                   |  1- 3 |  4- 6 |  7- 9 || total
-------------------------+-------+-------+-------++-------
Melee: Long sword        |   107 |   127 |   174 ||   408
       Headbutt          |       |    21 |    43 ||    64
Evoke: Wand              |       |       |    10 ||    10
  Use: Potion            |     3 |     1 |     9 ||    13
       Scroll            |       |     6 |    13 ||    19
 Stab: Sleeping          |       |       |     1 ||     1
       Distracted        |       |       |     1 ||     1
Armor: Leather armour    |    40 |       |       ||    40
       Ring mail         |       |    32 |    51 ||    83
Dodge: Dodged            |    79 |    73 |   125 ||   277

Table legend: (Time is in decaauts)
 A = Elapsed time spent in this place.
 B = Non-inter-level travel time spent in this place.
 C = Inter-level travel time spent in this place.
 D = Time resting spent in this place.
 E = Time spent auto-exploring this place.
 F = Levels seen in this place.
 G = Mean time per level.
                   A        B        C        D        E       F      G
               +--------+--------+--------+--------+--------+-----+--------+
         Total |   8465 |   7938 |    527 |      0 |   6261 |   8 | 1058.1 |
       Dungeon |   8465 |   7938 |    527 |      0 |   6261 |   8 | 1058.1 |
               +--------+--------+--------+--------+--------+-----+--------+

Top non-repeatable levels by time:
     D:2: 1494 daAuts
     D:7: 1471 daAuts
     D:1: 1146 daAuts
     D:6: 1099 daAuts
     D:5: 1048 daAuts
     D:8: 1030 daAuts
     D:4: 594 daAuts
     D:3: 581 daAuts
